 Dungeon Crawl Stone Soup version 0.25-a0-544-gee0576305d (webtiles) character file.

Game seed: 1850182196732436431, levelgen mode: deterministic

61 Lugonue the Slasher (level 3, -5/27 HPs)
             Began as a Demonspawn Gladiator on Feb 20, 2020.
             Slain by Jessica
             ... wielding a +4 dagger of electrocution
              (19 damage)
             ... on level 3 of the Dungeon.
             The game lasted 00:02:51 (1612 turns).

Lugonue the Slasher (Demonspawn Gladiator)          Turns: 1612, Time: 00:02:52

Health: -5/27      AC: 15    Str: 18    XL:     3   Next: 83%
Magic:  3/3        EV:  6    Int: 10    God:
Gold:   89         SH:  0    Dex: 14    Spells: 2/2 levels left

rFire    . . .     SeeInvis .   a - +1 long sword
rCold    . . .     Gourm    .   (no shield)
rNeg     . . .     Faith    .   l - +0 plate armour
rPois    .         Spirit   .   c - +0 helmet
rElec    .         Reflect  .   r - scarf {repulsion}
rCorr    .         Harm     .   (no gloves)
MR       .....                  (no boots)
Stlth    ..........             (no amulet)
HPRegen  0.09/turn              g - +2 ring of protection
MPRegen  0.08/turn              p - +4 ring of strength

@: repel missiles
A: icy blue scales 1
a: no special abilities


You were on level 3 of the Dungeon.
You were not hungry.

You visited 1 branch of the dungeon, and saw 3 of its levels.

You collected 89 gold pieces.

Inventory:

Hand Weapons
 a - a +1 long sword (weapon)
Missiles
 d - 3 throwing nets (quivered)
Armour
 b - a +0 leather armour
 c - a +0 helmet (worn)
 l - a +0 plate armour (worn)
 r - a scarf of repulsion (worn)
Jewellery
 g - a +2 ring of protection (left hand)
 p - a +4 ring of strength (right hand)
 q - an uncursed ring of positive energy
Scrolls
 j - a scroll of enchant weapon
 k - a scroll of teleportation {unknown}
 m - a scroll of identify
 n - a scroll of magic mapping {unknown}
Potions
 e - 4 potions of might
 h - 2 potions of invisibility {unknown}
 i - 3 potions of degeneration {unknown}
 o - a potion of flight {unknown}
 s - a potion of haste {unknown}
Comestibles
 f - 9 rations


   Skills:
 + Level 2.2 Fighting
 + Level 3.6 Long Blades
 + Level 1.9 Throwing
 * Level 1.2 Armour
 + Level 2.9 Dodging


You had 2 spell levels left.
You didn't know any spells.
Your spell library was empty.

Dungeon Overview and Level Annotations

Branches:
Dungeon (3/15)

Altars:
Ashenzari

Annotations:
D:3 Jessica


Innate Abilities, Weirdness & Mutations

You are partially covered in icy blue scales. (AC +2)


Message History

The worker ant waves its antennae.
The worker ant moves out of view.
Jessica hits you but does no damage.
The worker ant waves its antennae.
Your plate armour prevents you from hitting Jessica.
Jessica gestures at you while chanting. Pain shoots through your body!
You slash Jessica!
Jessica is severely wounded.
Jessica barely misses you.
The hobgoblin hits you but does no damage.
Your plate armour prevents you from hitting Jessica.
Jessica is severely wounded.
Jessica mumbles some strange words.
Jessica seems to speed up.
Jessica hits you but does no damage.
You slash the hobgoblin!
You kill the hobgoblin!
Jessica hits you but does no damage.
You are electrocuted!!
Ouch! That really hurt!
You die...

#. . ##.. .## # ...
.. .. ##.####.##..
## #...........
..#.#....a..#
#.#.#.##g#w.####
###.#.#..)@@g.....
...<...#.##.##.####
.#.#...#.##.##.# ##
...............# ..
.........########
.###.##.##.#.# .#..
.. #.#.# .#.#.#
#.#.#
.....#####.#.#


You could see a worm, a worker ant, Jessica and 2 hobgoblins.

Vanquished Creatures
  2 adders (D:2)
  A dart slug (D:2)
  An orc (D:3)
  3 giant cockroaches (D:2)
  7 goblins
  6 hobgoblins
  2 quokkas (D:2)
  2 ball pythons (D:2)
  4 bats
  A frilled lizard (D:2)
  4 kobolds
  6 rats
39 creatures vanquished.

Notes
Turn   | Place    | Note
-------+----------+-------------------------------------------
     0 | D:1      | Lugonue the Demonspawn Gladiator began the quest for the
                  | Orb.
     0 | D:1      | Reached XP level 1. HP: 16/16 MP: 1/1
   135 | D:1      | Found a shattered altar of Ashenzari.
   247 | D:1      | Reached skill level 3 in Long Blades
   284 | D:1      | Gained mutation: You are partially covered in icy blue
                  | scales. (AC +2) [demonic ancestry]
   284 | D:1      | Reached XP level 2. HP: 17/22 MP: 2/2
   837 | D:2      | Reached XP level 3. HP: 16/27 MP: 3/3
  1052 | D:2      | Reached skill level 1 in Armour
  1605 | D:3      | Noticed Jessica
  1612 | D:3      | Slain by Jessica

Levels and vault maps discovered:
D:1:      evilmike_arrival_fibonacci_small, layout_basic, minmay_misc_feat_five,
          evilmike_ruin_ashenzari
D:2:      minmay_evil_eye, layout_loops_ring, first_ration, minmay_diced_spiral
D:3:      layout_loops_cross, uniq_jessica

Skill      XL: |  1  2  3 |
---------------+----------+-----
Long Blades    | 3 |  3.6
Armour         | 1 |  1.2
Fighting       | |  2.2
Throwing       | |  1.9
Dodging        | |  2.9

Action                   || total
-------------------------++-------
Melee: Long sword        ||   138
  Use: Scroll            ||     3
  Eat: Chunk             ||     2
Armor: Plate armour      ||   118
       Leather armour    ||     8
Dodge: Dodged            ||    60
       Deflected         ||     1
       Rpst.: Long sword ||    16

Table legend:
 A = Non-vault XP
 B = Vault XP
 C = Vault XP percentage of total XP
 D = Non-vault monster count
 E = Vault monster count
 F = Vault count percentage of total count
                 A         B        C        D         E       F
            +---------+---------+-------+---------+---------+-------
      Total |      75 |      13 |  14.8 |      31 |       8 |  20.5
            +---------+---------+-------+---------+---------+-------
        D:1 |      18 |       0 |   0.0 |      12 |       0 |   0.0
        D:2 |      51 |      13 |  20.3 |      16 |       8 |  33.3
        D:3 |       6 |       0 |   0.0 |       3 |       0 |   0.0
            +---------+---------+-------+---------+---------+-------
